 Dungeon Crawl Stone Soup version 0.30-a0-272-gf98c3da03f (webtiles) character file.

Game seed: 7289768387216569007

208 billz999 the Sneak (level 5, -10/35 HPs)
             Began as a Vampire Earth Elementalist on Oct 15, 2022.
             Was an Initiate of Yredelemnul.
             Mangled by an iguana (11 damage)
             ... on level 5 of the Dungeon.
             The game lasted 00:08:36 (3311 turns).

billz999 the Sneak (Vampire Earth Elementalist)     Turns: 3311, Time: 00:08:37

Health: -10/35     AC:  4    Str:  7    XL:     5   Next: 55%
Magic:  2/8        EV: 12    Int: 19    God:    Yredelemnul [......]
Gold:   215        SH:  0    Dex: 15    Spells: 3/8 levels left

rFire   . . .      SeeInvis +    f - +0 dagger (flame)
rCold   . . .      Faith    .    (no shield)
rNeg    . . .      Spirit   .    a - +0 robe
rPois   .          Reflect  .    (no helmet)
rElec   .          Harm     .    (no cloak)
rCorr   .          Rampage  .    j - +0 pair of gloves
Will    .....                    o - +0 pair of boots
Stlth   ++++......               (no amulet)
HPRegen 0.45/turn                (no ring)
MPRegen 0.11/turn                (no ring)

@: healing quickly
A: alive, fangs 3, see invisible, vampiric 2
a: Exsanguinate, Renounce Religion, Recall Undead Harvest


You were on level 5 of the Dungeon.
You worshipped Yredelemnul.
Yredelemnul was noncommittal.
You visited 1 branch of the dungeon, and saw 5 of its levels.

You collected 215 gold pieces.

Inventory:

Hand Weapons
 f - a +0 dagger of flaming (weapon)
 i - a +1 dagger
Armour
 a - a +0 robe (worn)
 j - a +0 pair of gloves (worn)
 k - a +3 ring mail of fire resistance
 o - a +0 pair of boots (worn)
 s - +0 gold dragon scales
Jewellery
 m - an amulet of the acrobat
Wands
 d - a wand of roots (9)
Scrolls
 c - a scroll of fear {unknown}
 e - a scroll of silence {unknown}
 g - 2 scrolls of identify
 l - a scroll of magic mapping {unknown}
 p - a scroll of teleportation {unknown}
 r - a scroll of enchant armour {unknown}
Potions
 b - 2 potions of magic
 h - 2 potions of degeneration
 n - a potion of curing
 q - 2 potions of invisibility {unknown}


   Skills:
 - Level 2.1 Dodging
 + Level 7.3 Stealth
 - Level 2.0 Spellcasting
 - Level 4.0 Transmutations
 - Level 3.0 Earth Magic


You had 3 spell levels left.
You knew the following spells:

 Your Spells              Type           Power      Damage    Failure   Level
a - Sandblast             Erth           26%        2d8       4%          1
b - Petrify               Tmut/Erth      15%        N/A       36%         4

Your spell library contained the following spells:

 Spells                   Type           Power      Damage    Failure   Level
 Passwall                 Tmut/Erth      12%        N/A       6%          2
 Apportation              Tloc           2%         N/A       17%         1
 Necrotise                Necr           4%         1d4       17%         1
 Summon Small Mammal      Summ           4%         N/A       17%         1
 Stone Arrow              Conj/Erth      14%        3d7       26%         3
 Ignite Poison            Fire/Tmut/Pois 6%         N/A       30%         3
 Dazzling Flash           Conj/Hex       2%         N/A       45%         3
 Sticky Flame             Conj/Fire      1%         2d3       86%         4
 Agony                    Necr           1%         N/A       99%         5
 Silence                  Hex/Air        0%         N/A       99%         5
 Ignition                 Fire           0%         3d3       100%        8


Dungeon Overview and Level Annotations

Branches:
Dungeon (5/15)
 Temple: D:4-7

Altars:
Cheibriados
Dithmenos
Fedhas
Hepliaklqana
Yredelemnul

Shops:
D:3 =

Annotations:
D:4 3 runed translucent doors, baller8008's ghost, amateur AtFi


Innate Abilities, Weirdness & Mutations

Your natural rate of healing is accelerated.
You have razor-sharp teeth.
You have supernaturally acute eyesight. (SInv)
You are afflicted with vampirism and can become a bat while bloodless.


Message History

Confirm with . or Enter, or press ? or * to list all spells.
Aiming: Sandblast (safe; 4% risk of failure)
Press: ? - help, Shift-Dir - straight line, f/p - iguana
Aim: an iguana (84% to hit)
The blast of sand hits the iguana.
The iguana is moderately wounded.
Casting: Sandblast (safe; 4% risk of failure)
Confirm with . or Enter, or press ? or * to list all spells.
Aiming: Sandblast (safe; 4% risk of failure)
Press: ? - help, Shift-Dir - straight line, f/p - iguana
Aim: an iguana (moderately wounded, 84% to hit)
The blast of sand hits the iguana.
The iguana is heavily wounded.
The iguana bites you but does no damage.
Casting: Sandblast (safe; 4% risk of failure)
Confirm with . or Enter, or press ? or * to list all spells.
Aiming: Sandblast (safe; 4% risk of failure)
Press: ? - help, Shift-Dir - straight line, f/p - iguana
Aim: an iguana (heavily wounded, 84% to hit)
The blast of sand hits the iguana but does no damage.
The iguana is heavily wounded.
The iguana barely misses you. The iguana bites you!
Casting: Sandblast (safe; 4% risk of failure)
Confirm with . or Enter, or press ? or * to list all spells.
Aiming: Sandblast (safe; 4% risk of failure)
Press: ? - help, Shift-Dir - straight line, f/p - iguana
Aim: an iguana (heavily wounded, 84% to hit)
The blast of sand misses the iguana.
The iguana bites you!
Casting: Sandblast (safe; 4% risk of failure)
Confirm with . or Enter, or press ? or * to list all spells.
Aiming: Sandblast (safe; 4% risk of failure)
Press: ? - help, Shift-Dir - straight line, f/p - iguana
Aim: an iguana (heavily wounded, 84% to hit)
The blast of sand hits the iguana!
The iguana is almost dead.
The iguana bites you!
* * * LOW HITPOINT WARNING * * *
The iguana bites you!
You die...
Yredelemnul claims you as an undead slave.

#.# ... #.# #.#
#.# #.# #l# #@#
#######.#######
..$............
.######.#######
#.# #.#
######.########
#.............#
#.####.######.#


You could see an iguana.

Vanquished Creatures
  Terence (D:2)
  3 gnolls
  6 adders
  A worm (D:2)
  3 dart slugs
  4 orcs
  A bat (D:1)
  6 endoplasms
  5 giant cockroaches
  7 goblins
  6 hobgoblins
  6 quokkas
  5 ball pythons
  3 frilled lizards
  7 kobolds
  4 rats
68 creatures vanquished.

Vanquished Creatures (collateral kills)
  An adder (D:3)
  An orc (D:4)
  A ball python (D:3)
  A goblin (D:3)
  A rat (D:3)
5 creatures vanquished.

Vanquished Creatures (others)
  An adder zombie (D:3)
  3 endoplasm zombies
  A giant cockroach zombie (D:4)
  2 kobold zombies (D:3)
7 creatures vanquished.

Grand Total: 80 creatures vanquished

Notes
Turn   | Place    | Note
-------+----------+-------------------------------------------
     0 | D:1      | billz999 the Vampire Earth Elementalist began the quest for
                  | the Orb.
     0 | D:1      | Reached XP level 1. HP: 13/13 MP: 3/3
   182 | D:1      | Reached XP level 2. HP: 19/19 MP: 0/5
   939 | D:2      | Gained mutation: You are afflicted with vampirism and can
                  | become a bat while bloodless. [Vampire growth]
   939 | D:2      | Reached XP level 3. HP: 24/24 MP: 4/6
   941 | D:2      | Reached skill level 4 in Stealth
   987 | D:2      | Noticed Terence
  1009 | D:2      | Killed Terence
  1065 | D:2      | You fall into a shaft and drop 1 floor!
  1080 | D:3      | Reached XP level 4. HP: 28/30 MP: 3/7
  1434 | D:2      | Found a basalt altar of Yredelemnul.
  1449 | D:2      | Became a worshipper of Yredelemnul the Dark
  1645 | D:3      | Learned a level 4 spell: Petrify
  1771 | D:3      | HP: 1/30 [gnoll/+0 club (7)]
  1900 | D:3      | Reached skill level 5 in Stealth
  2175 | D:3      | Found a hazy altar of Hepliaklqana.
  2177 | D:3      | Found a shadowy altar of Dithmenos.
  2191 | D:3      | Found a blossoming altar of Fedhas.
  2198 | D:3      | Found a snail-covered altar of Cheibriados.
  2250 | D:3      | Reached XP level 5. HP: 12/35 MP: 3/8
  2253 | D:3      | Reached skill level 6 in Stealth
  2444 | D:3      | Found Semoakli's Jewellery Boutique.
  2702 | D:4      | Found a runed translucent gate.
  2703 | D:4      | Found a runed translucent gate.
  2704 | D:4      | Found a runed translucent gate.
  2706 | D:4      | Noticed baller8008's ghost (amateur AtFi)
  2956 | D:4      | Reached skill level 7 in Stealth
  3205 | D:5      | Entered Level 5 of the Dungeon
  3311 | D:5      | HP: 1/35 [iguana (12)]
  3311 | D:5      | Mangled by an iguana

Illustrated notes

Levels and vault maps discovered:
D:1:      lightli_arrival_maybe_door_vault, layout_basic
D:2:      layout_rooms, basic_altar, minmay_pentomino_x2, uniq_terence
D:3:      layout_rooms, minitemple, serial_shops, nicolae_shop_stone
D:4:      layout_rooms, ebering_ghost_rock_garden
D:5:      layout_basic, ebering_ghost_sewer_f, uniq_ijyb

Skill      XL: |  1  2  3  4  5 |
---------------+----------------+-----
Transmutations | 2 3 4 |  4.0
Stealth        | 4 5 7 |  7.3
Dodging        | |  2.1
Spellcasting   | |  2.0
Earth Magic    | |  3.0

Action                   |  1- 3 |  4- 6 || total
-------------------------+-------+-------++-------
Melee: Dagger            |     6 |    23 ||    29
       Bite              |       |     4 ||     4
 Cast: Sandblast         |    44 |    85 ||   129
 Abil: Exsanguinate      |       |     1 ||     1
Evoke: Wand              |       |     3 ||     3
  Use: Potion            |     3 |     1 ||     4
       Scroll            |     2 |     1 ||     3
 Stab: Sleeping          |       |     3 ||     3
Armor: Robe              |       |    18 ||    18
Dodge: Dodged            |    18 |    50 ||    68

Table legend: (Time is in decaauts)
 A = Elapsed time spent in this place.
 B = Non-inter-level travel time spent in this place.
 C = Inter-level travel time spent in this place.
 D = Time resting spent in this place.
 E = Time spent auto-exploring this place.
 F = Levels seen in this place.
 G = Mean time per level.
                   A        B        C        D        E       F      G
               +--------+--------+--------+--------+--------+-----+--------+
         Total |   3384 |   3277 |    107 |    239 |   2448 |   5 |  676.8 |
       Dungeon |   3384 |   3277 |    107 |    239 |   2448 |   5 |  676.8 |
               +--------+--------+--------+--------+--------+-----+--------+

Top non-repeatable levels by time:
     D:1: 918 daAuts
     D:2: 901 daAuts
     D:3: 840 daAuts
     D:4: 615 daAuts
     D:5: 108 daAuts
